 Dungeon Crawl Stone Soup version 0.29.0-10-g45618ea6d2 (webtiles) character file.

Game seed: 2934139488300694232

60 snetch the Chopper (level 3, -5/49 HPs)
             Began as a Minotaur Berserker on Sept 1, 2022.
             Was a Believer of Trog.
             Slain by a gnoll
             ... wielding a +0 flail
              (8 damage)
             ... on level 2 of the Dungeon.
             The game lasted 00:02:43 (1229 turns).

snetch the Chopper (Minotaur Berserker)             Turns: 1229, Time: 00:02:44

Health: -5/49      AC:  9    Str: 23    XL:     3   Next: 80%
Magic:  2/2        EV:  8    Int:  4    God:    Trog [**....]
Gold:   64         SH:  0    Dex:  9    Spells: 2/2 levels left

rFire   + . .      SeeInvis .   a - +0 war axe
rCold   . . .      Faith    .   (no shield)
rNeg    . . .      Spirit   .   e - +0 chain mail
rPois   .          Reflect  .   (helmet restricted)
rElec   .          Harm     .   (no cloak)
rCorr   .          Rampage  .   (no gloves)
Will    .....                   (no boots)
Stlth   ..........              (no amulet)
HPRegen 0.16/turn               j - ring of protection from fire
MPRegen 0.08/turn               (no ring)

@: berserking, lethally poisoned (-5 -> -19), very quick
A: horns 2, retaliatory headbutt
a: Renounce Religion, Berserk, Trog's Hand


You were on level 2 of the Dungeon.
You worshipped Trog.
Trog was pleased with you.
You visited 1 branch of the dungeon, and saw 2 of its levels.

You collected 64 gold pieces.

Inventory:

Hand Weapons
 a - a +0 war axe (weapon)
 b - a +0 vampiric spear
Missiles
 d - 9 poisoned darts (quivered)
 h - 20 stones
 m - 5 javelins
Armour
 e - a +0 chain mail (worn)
Jewellery
 j - a ring of protection from fire (left hand)
Scrolls
 c - 4 scrolls of fog {unknown}
 f - a scroll of identify {unknown}
 i - 2 scrolls of enchant armour {unknown}
 k - a scroll of fear {unknown}
 l - a scroll of enchant weapon {unknown}
 n - a scroll of poison {unknown}
 o - a scroll of noise {unknown}
Potions
 g - a potion of heal wounds {unknown}


   Skills:
 + Level 4.2 Fighting
 + Level 4.6 Axes
 + Level 3.4 Armour
 + Level 2.3 Dodging


You had 2 spell levels left.
You didn't know any spells.
Your spell library contained the following spells:

 Spells                   Type           Power      Damage    Failure   Level
 Gell's Gravitas          Tloc           0%         N/A       100%        3
 Lesser Beckoning         Tloc           0%         N/A       100%        3
 Teleport Other           Tloc           0%         N/A       100%        3


Dungeon Overview and Level Annotations

Branches:
Dungeon (2/15)

Altars:


Innate Abilities, Weirdness & Mutations

You have a pair of horns on your head.
You reflexively headbutt those who attack you in melee.


Message History

A ball python comes into view.
The hobgoblin hits you but does no damage.
A rat comes into view.
The gnoll barely misses you. The gnoll hits you but does no damage.
Unknown command.
You struggle against the net.
You feel sick.
The ball python hisses angrily.
The gnoll hits you from afar with a +2 halberd of venom.
The gnoll hits you but does no damage.
The hobgoblin hits you but does no damage.
Unknown command.
You shred the net and break free!
You feel sick. The gnoll barely misses you. The gnoll hits you with a +0 flail.
The hobgoblin completely misses you. The gnoll barely misses you.
Unknown command.
You feel sick. The hobgoblin closely misses you.
The gnoll hits you but does no damage. The gnoll closely misses you.
You furiously retaliate!
You headbutt the gnoll!
The gnoll hits you with a +2 halberd of venom!
* * * LOW HITPOINT WARNING * * *
You are lethally poisoned!
Unknown command.
A red film seems to cover your vision as you go berserk!
You feel yourself moving faster!
You feel mighty!
* * * LOW HITPOINT WARNING * * *
You feel very sick.
The gnoll hits you with a +2 halberd of venom.
* * * LOW HITPOINT WARNING * * *
The gnoll barely misses you. The hobgoblin barely misses you.
The gnoll closely misses you.
You slash the gnoll!
The gnoll is severely wounded.
You slash the ball python!
You kill the ball python!
Trog accepts your kill.
You hit the hobgoblin. You barely miss the gnoll. You closely miss the gnoll.
* * * LOW HITPOINT WARNING * * *
You feel very sick. The gnoll hits you with a +0 flail!
You die...

#.# .# #..
########.# #..
#.........
#.........
#.........
#!........
#########gg.......
#.......#.@gr.....
#.....÷..g........
#.....<÷#.........
#.............(...
#.................
#............#####
#.......####..#
#.......# #...
######### ###


You could see 3 gnolls, a hobgoblin and a rat.

Vanquished Creatures
  A gnoll (D:1)
  An adder (D:2)
  A worm (D:2)
  5 ball pythons
  7 endoplasms
  A giant cockroach (D:1)
  A goblin (D:1)
  2 hobgoblins (D:1)
  5 quokkas
  3 bats (D:1)
  2 frilled lizards
  2 kobolds
  4 rats
35 creatures vanquished.

Notes
Turn   | Place    | Note
-------+----------+-------------------------------------------
     0 | D:1      | snetch the Minotaur Berserker began the quest for the Orb.
     0 | D:1      | Reached XP level 1. HP: 19/19 MP: 0/0
   102 | D:1      | Reached XP level 2. HP: 27/27 MP: 1/1
   386 | D:2      | Reached XP level 3. HP: 25/33 MP: 2/2
   837 | D:1      | Reached ** piety under Trog
  1229 | D:2      | Slain by a gnoll

Illustrated notes

Levels and vault maps discovered:
D:1:      evilmike_arrival_rings, layout_loops_ring
D:2:      layout_rooms

Skill      XL: |  1  2 |
---------------+-------+-----
Axes           | 4 |  4.6
Fighting       | 4 |  4.2
Armour         | 3 |  3.4
Dodging        | |  2.3

Action                   || total
-------------------------++-------
Melee: Hand axe          ||    39
       Headbutt          ||    11
       War axe           ||    39
Throw: Stone             ||     2
Invok: Berserk           ||     2
Armor: Chain mail        ||    59
Dodge: Dodged            ||    48
